 Dungeon Crawl Stone Soup version 0.28-a0-305-g9e858e973b (webtiles) character file.

Game seed: 3426447131452068551

7 SkeletonJelly2 the Skirmisher (level 1, -1/18 HPs)
             Began as a Demonspawn Cinder Acolyte on Aug 30, 2021.
             Was a High Priest of Ignis.
             Killed from afar by a dart slug (4 damage)
             ... with a slug dart
             ... on level 1 of the Dungeon.
             The game lasted 00:03:25 (349 turns).

SkeletonJelly2 the Skirmisher (DsCA)                 Turns: 349, Time: 00:03:26

Health: -1/18      AC:  2    Str: 15    XL:     1   Next: 91%
Magic:  1/2        EV: 11    Int: 14    God:    Ignis [*****.]
Gold:   0          SH:  0    Dex:  8    Spells: 1/2 levels left

rFire   + . .      SeeInvis .   a - -1 falchion (flame)
rCold   . . .      Faith    .   (no shield)
rNeg    . . .      Spirit   .   b - +0 robe
rPois   .          Reflect  .   (no helmet)
rElec   .          Harm     .   (no cloak)
rCorr   .          Rampage  .   (no gloves)
Will    .....                   (no boots)
Stlth   +.........              (no amulet)
HPRegen 0.06/turn               (no ring)
MPRegen 0.08/turn               (no ring)

@: no status effects
A: no striking features
a: Renounce Religion, Sea of Fire, Foxfire Swarm, Rising Flame


You were on level 1 of the Dungeon.
You worshipped Ignis.
Ignis was extremely pleased with you.
You visited 1 branch of the dungeon, and saw 1 of its levels.

Inventory:

Hand Weapons
 a - a -1 falchion of flaming (weapon)
Armour
 b - a +0 robe (worn)
Scrolls
 c - a scroll of identify {unknown}
Potions
 d - a potion of attraction {unknown}
 e - a potion of magic {unknown}


   Skills:
 + Level 3.1 Fighting
 + Level 2.8 Long Blades
 + Level 1.2 Spellcasting
 + Level 1.1 Fire Magic


You had one spell level left.
You knew the following spells:

 Your Spells              Type           Power      Damage    Failure   Level
a - Foxfire               Conj/Fire      8%         2x1d4     21%         1

Your spell library contained the following spells:

 Spells                   Type           Power      Damage    Failure   Level


Dungeon Overview and Level Annotations

Branches:
Dungeon (1/15)

Altars:


Message History

The ball python grabs you. The ball python constricts you.
You take 2 damage, and have 9/18 hp.
You are too injured to fight recklessly!
You are too injured to fight recklessly!
You are too injured to fight recklessly!
You are too injured to fight recklessly!
You are too injured to fight recklessly!
You are too injured to fight recklessly!
You hit the ball python. You burn the ball python.
You kill the ball python!
The quokka bites you.
You take 1 damage, and have 8/18 hp.
You hit the quokka but do no damage. The quokka bites you.
* * * LOW HITPOINT WARNING * * *
The quokka barely misses you.
You take 4 damage, and have 4/18 hp.
MASSIVE DAMAGE!!
You barely miss the quokka. The quokka barely misses you.
You barely miss the quokka. The quokka closely misses you.
The quokka misses you.
You completely miss the quokka.
The quokka bites you but does no damage.
You miss the quokka. The quokka barely misses you.
The quokka completely misses you.
You closely miss the quokka. The quokka bites you.
* * * LOW HITPOINT WARNING * * *
You take 3 damage, and have 1/18 hp.
You miss the quokka.
The quokka bites you but does no damage.
The quokka closely misses you. Flames leap up around you!
The quokka barely misses you.
You hit the quokka. You burn the quokka.
You kill the quokka!
Your foxfire dissipates! x3
You see here a quokka corpse.
Your foxfire dissipates! x12
HP restored.
d - a brown potion Health restored: 18
Okay, then.
Unknown command.
Unknown command.
Unknown command.
Okay, then.
Unknown command.
Unknown command.
Unknown command.
Unknown command.
A bat comes into view.
Found a viscous emerald potion.
The bat hits you but does no damage.
You hit the bat. You burn the bat.
You kill the bat!
No target in view!
No target in view!
No target in view!
You see here a bat corpse.
e - a viscous emerald potion A goblin and a dart slug come into view.
Casting: Foxfire (safe; 21% risk of failure)
Confirm with . or Enter, or press ? or * to list all spells.
You conjure some foxfire!
The goblin shouts!
You now have 1/2 mp.
Casting: Foxfire (safe; 21% risk of failure)
Confirm with . or Enter, or press ? or * to list all spells.
You conjure some foxfire!
The foxfire hits the dart slug.
The dart slug is moderately wounded.
The foxfire hits the dart slug.
The dart slug is heavily wounded.
You now have 0/2 mp.
Casting: Foxfire (safe; 21% risk of failure)
Confirm with . or Enter, or press ? or * to list all spells.
You don't have enough magic to cast this spell.
The foxfire hits the goblin.
The goblin is heavily wounded.
The foxfire hits the dart slug.
The dart slug is heavily wounded.
The dart slug launches a dart at you. The slug dart hits you.
You take 2 damage, and have 16/18 hp.
Found a dagger.
You closely miss the goblin.
The goblin is heavily wounded.
The goblin hits you with a +0 club.
A frilled lizard comes into view.
You take 3 damage, and have 13/18 hp.
You closely miss the goblin.
The goblin is heavily wounded.
The frilled lizard hisses angrily.
The dart slug launches a dart at you. The slug dart hits you.
The goblin hits you with a +0 club.
You take 6 damage, and have 7/18 hp.
MASSIVE DAMAGE!!
You hit the goblin. You burn the goblin.
You kill the goblin!
The dart slug launches a dart at you. The slug dart hits you.
* * * LOW HITPOINT WARNING * * *
You take 5 damage, and have 3/18 hp.
MASSIVE DAMAGE!!
The dart slug launches a dart at you. The slug dart hits you.
You die...

...............÷....#...
.......................#
............##.#.....###
#..........##.#.#...### .
##+#...†.......#.#...##8
......#...##.......#...###
..........##.......#...# #
..........++.......#...# #
.........@##.......#...# #
......###.##.....#.#######
..........#+##.###.#......
.........l.....# #.#######
####....w......# .. #
.............## #
................. #
...........#..... #
.........#.#..... #


You could see a dart slug and a frilled lizard.

Vanquished Creatures
  A bat (D:1)
  A goblin (D:1)
  A hobgoblin (D:1)
  A quokka (D:1)
  2 ball pythons (D:1)
6 creatures vanquished.

Vanquished Creatures (others)
  18 foxfires (D:1)
18 creatures vanquished.

Grand Total: 24 creatures vanquished

Notes
Turn   | Place    | Note
-------+----------+-------------------------------------------
     0 | D:1      | SkeletonJelly2 the Demonspawn Cinder Acolyte began the
                  | quest for the Orb.
     0 | D:1      | Reached XP level 1. HP: 18/18 MP: 2/2
    36 | D:1      | Reached skill level 1 in Fire Magic
   349 | D:1      | Killed from afar by a dart slug

Illustrated notes

Levels and vault maps discovered:
D:1:      lemuel_arrival_cross, layout_basic,
          hellmonk_ecumenical_altar_pennies_from_heaven

Skill      XL: |  1 |
---------------+----+-----
Fire Magic     | 1 |  1.1
Fighting       | |  3.1
Long Blades    | |  2.8
Spellcasting   | |  1.2

Action                   || total
-------------------------++-------
Melee: Falchion          ||    19
 Cast: Foxfire           ||     2
Invok: Foxfire Swarm     ||     2
Armor: Robe              ||     5
Dodge: Dodged            ||    13

Table legend: (Time is in decaauts)
 A = Elapsed time spent in this place.
 B = Non-inter-level travel time spent in this place.
 C = Inter-level travel time spent in this place.
 D = Time resting spent in this place.
 E = Time spent auto-exploring this place.
 F = Levels seen in this place.
 G = Mean time per level.
                   A        B        C        D        E       F      G
               +--------+--------+--------+--------+--------+-----+--------+
         Total |    352 |    352 |      0 |      0 |    305 |   1 |  352.0 |
       Dungeon |    352 |    352 |      0 |      0 |    305 |   1 |  352.0 |
               +--------+--------+--------+--------+--------+-----+--------+

Top non-repeatable levels by time:
     D:1: 352 daAuts
